Cogmind - Beta 11 X11 @@@ ROGUE MODE // 2022.03.08 @ 18:45:42 Player: blelm Result: Destroyed by 99-TNT with 99-TNT's Nukerbomber Performance ------------- Evolutions (1) 500 Regions Visited (6) 1200 Robots Destroyed (70) 350 Value Destroyed (1381) 1381 Prototype IDs (30) 600 Alien Tech Used (0) 0 Bonus (353) 353 TOTAL SCORE: 4384 Bonus ------- High Alert Combat Kills 126 Follower Combat Kills 231 Aligned with FarCom 300 Friendly Fire -304 Cogmind --------- Core Integrity 0/400 Matter 300/300 Energy 100/100 System Corruption 2% Temperature Cool (0) Movement Rolling (115) Ox1 Location -8/Mines Parts ------- > --- POWER (1) -------- (None) > --- PROPULSION (3) --- Compact Wheel > --- UTILITY (3) ------ Large Storage Unit > --- WEAPON (2) ------- (None) > --- INVENTORY (15) --- Medium Battery (150) High-capacity Matter Pod (200) Machine Analyzer Experimental Sensor Array Light Armor Plating Heavy Particle Gun Light EM Pulse Cannon Light Assault Rifle Grenade Launcher Rocket Launcher Rocket Launcher Scythe Peak State ------------ > --- POWER ------------ Ion Engine > --- PROPULSION ------- Light Treads Light Treads Compact Wheel > --- UTILITY ---------- Large Storage Unit Decoy Drone Bay > --- WEAPON ----------- Heavy Particle Gun Heavy Particle Gun > --- INVENTORY -------- Compact Wheel Medium Battery High-capacity Matter Pod Machine Analyzer Experimental Sensor Array Light Armor Plating Heavy Particle Gun Light EM Pulse Cannon Light Assault Rifle Grenade Launcher Rocket Launcher Rocket Launcher Scythe [Rating: 30] Favorites ----------- Power Improved Ion Engine Engine Improved Ion Engine Propulsion Light Treads Treads Light Treads Leg Aluminum Leg Wheel Compact Wheel Utility Cooling System Device Cooling System Storage Large Storage Unit Processor Advanced Targeting Computer Protection Light Armor Plating Weapon Heavy Particle Gun Energy Gun Heavy Particle Gun Energy Cannon Advanced Beam Cannon Ballistic Gun Assault Rifle Ballistic Cannon Light Cannon Launcher Grenade Launcher Slashing Weapon Scythe Build | -11 -10 -10 -9 -9 -9 -8 ------- Run | Scr Mat Min Mat Min Exi Min Slots Evolved 2 | . . . 2 . . . Power . | . . . . . . . Propulsion 1 | . . . 1 . . . Utility 1 | . . . 1 . . . Weapon . | . . . . . . . Parts Attached 75 | 5 9 5 35 16 2 3 Power 6 | . 1 1 2 2 . . Engine 6 | . 1 1 2 2 . . Core . | . . . . . . . Reactor . | . . . . . . . Propulsion 14 | 2 . 1 5 4 1 1 Treads 9 | 1 . . 5 3 . . Leg . | . . . . . . . Wheel 5 | 1 . 1 . 1 1 1 Hover . | . . . . . . . Flight . | . . . . . . . Utility 12 | 2 2 . 4 3 . 1 Device 7 | 2 1 . 1 2 . 1 Storage 1 | . 1 . . . . . Processor 1 | . . . . 1 . . Hackware . | . . . . . . . Protection 3 | . . . 3 . . . Artifact . | . . . . . . . Weapon 43 | 1 6 3 24 7 1 1 Energy Gun 18 | . 3 . 10 4 . 1 Energy Cannon 1 | . . . 1 . . . Ballistic Gun 3 | 1 1 . 1 . . . Ballistic Cannon 7 | . 2 1 4 . . . Launcher 11 | . . 2 6 3 . . Special Weapon . | . . . . . . . Impact Weapon . | . . . . . . . Slashing Weapon 3 | . . . 2 . 1 . Piercing Weapon . | . . . . . . . Special Melee Weapon . | . . . . . . . Unidentified Prototypes 5 | . . . 4 . . 1 Parts Lost 17 | . 1 1 . 8 . 7 Power 2 | . . . . 1 . 1 Propulsion 8 | . . 1 . 4 . 3 Utility 3 | . . . . 2 . 1 Weapon 4 | . 1 . . 1 . 2 Highest Loss Streak 7 | . 1 1 . 5 . 7 To Critical Strikes . | . . . . . . . Average Slot Usage (%) 99 | . 100 100 99 98 100 77 Engine 11 | . 14 14 11 10 11 5 Treads 24 | . 14 14 33 26 22 13 Wheel 7 | . 14 14 . 6 11 13 Device 11 | . 14 14 11 10 11 8 Storage 12 | . 14 14 11 11 11 11 Processor 2 | . . . . 10 11 5 Protection 4 | . . . 10 . . . Energy Gun 10 | . 11 . 9 21 11 19 Ballistic Cannon 8 | . 10 18 9 . . . Launcher 3 | . . 9 2 . . . Slashing Weapon 1 | . . . . . 11 . Naked Turns . | . . . . . . . Heaviest Build 40 | 12 33 35 39 38 33 40 Greatest Support 60 | 16 16 20 60 60 40 32 Greatest Overweight (x) 2 | . 2 2 . . 1 2 Average Overweight (x) . | . 1 1 . . . 1 Largest Inventory Capacity 15 | 8 15 15 15 15 15 15 Average Capacity 14 | 8 10 15 15 15 15 15 Most Carried 15 | 7 15 15 15 15 15 15 Average Carried 13 | 5 10 14 14 13 14 13 Final Capacity 15 | 8 15 15 15 15 15 15 Final Carried 15 | 7 15 15 15 15 15 12 Class Distribution -------------------- 53% | Mutant 46% | Scavenger-Mutant Dominant Class ---------------- Mutant | -10/Materials Mutant | -10/Mines Scavenger-Mutant | -9/Materials Scavenger-Mutant | -9/Mines Scavenger-Mutant | -9/Exiles Scavenger-Mutant | -8/Mines Resources | -11 -10 -10 -9 -9 -9 -8 ----------- Run | Scr Mat Min Mat Min Exi Min Matter Collected 1855 | 268 266 121 863 294 43 . Remotely 10 | 10 . . . . . . Salvage Created 1922 | 132 360 172 732 526 . . Parts 123 | 9 23 16 54 21 . . Haulers Intercepted 5 | . . . 5 . . . Recyclers Shooed 3 | . 2 . 1 . . . Parts Field Recycled . | . . . . . . . Retrieved Matter . | . . . . . . . Parts Self-Destructed . | . . . . . . . Prevented . | . . . . . . . Kills | -11 -10 -10 -9 -9 -9 -8 ------- Run | Scr Mat Min Mat Min Exi Min Combat Hostiles Destroyed 57 | . 9 8 12 28 . . Guns 22 | . 9 . 4 9 . . Cannons 3 | . . 1 2 . . . AOE 32 | . . 7 6 19 . . Classes Destroyed 14 | 2 6 1 2 3 . . Worker 6 | . 1 1 3 1 . . Builder 2 | . . . 2 . . . Tunneler 5 | 3 . 2 . . . . Hauler 5 | . . . 5 . . . Recycler 4 | 1 . . 1 2 . . Mechanic 1 | . 1 . . . . . Operator 2 | . 1 . 1 . . . Watcher 2 | . 1 . 1 . . . Swarmer 16 | . 3 5 2 6 . . Grunt 21 | . 6 2 9 4 . . Brawler 1 | . . . . 1 . . Sentry 3 | . . 1 2 . . . Demolisher 2 | . . . . 2 . . Assembled 15 | . . . . 15 . . Best Kill Streak 20 | 2 8 4 4 20 . . Combat Bots Only 20 | . 8 3 2 20 . . Max Kills in Single Turn 4 | 1 1 3 2 4 . . Gunslinging 1 | . . . . 1 . . Exploded 4 | . . 2 2 4 . . Melee . | . . . . . . . Uniques/NPCs Destroyed . | . . . . . . . Combat | -11 -10 -10 -9 -9 -9 -8 -------- Run | Scr Mat Min Mat Min Exi Min Damage Taken 2970 | . 363 124 503 1126 . 854 Core 517 | . 82 34 45 120 . 236 Absorbed by Shields . | . . . . . . . Core Remaining (%) 76 | 100 . 53 . . . . Volleys Fired 140 | 6 32 8 54 35 3 2 Largest 2 | 2 2 2 2 2 1 2 Hottest 110 | 60 90 70 110 110 55 110 Shots Fired 246 | 12 63 10 96 57 3 5 Gun 156 | 12 55 . 38 43 3 5 Cannon 58 | . 8 4 46 . . . Launcher 32 | . . 6 12 14 . . Special . | . . . . . . . Kinetic 82 | 6 26 4 46 . . . Thermal 104 | 6 9 . 38 43 3 5 Explosive 32 | . . 6 12 14 . . Electromagnetic 28 | . 28 . . . . . Robot Hit Streak 14 | 6 8 6 14 7 . 5 Robot Miss Streak 5 | 1 5 1 4 3 . 1 Penetration Max . | . . . . . . . Secondary Targets 3 | . 1 . . 2 . . Max Gunslinging Chain 1 | . 1 . . 1 . . Shots Hit Robots 159 | 9 43 7 64 33 . 3 Core Hits 132 | 4 27 17 35 49 . . Critical Kills . | . . . . . . . Critical Parts Destroyed . | . . . . . . . Critical Strikes 3 | . . . 1 2 . . Burn 3 | . . . 1 2 . . Melee Attacks 3 | . . . 3 . . . Impact . | . . . . . . . Slashing 3 | . . . 3 . . . Piercing . | . . . . . . . Sneak Attacks . | . . . . . . . Combat Hostiles . | . . . . . . . Follow-up Attacks . | . . . . . . . Damage Inflicted 5484 | 109 586 630 1911 2194 . 54 Guns 1810 | 109 544 . 589 514 . 54 Cannons 700 | . 35 52 613 . . . Explosions 2924 | . . 556 707 1661 . . Melee . | . . . . . . . Ramming 50 | . 7 22 2 19 . . Kinetic 911 | 68 178 52 613 . . . Thermal 1296 | 41 98 . 589 514 . 54 Explosive 2924 | . . 556 707 1661 . . Electromagnetic 303 | . 303 . . . . . Impact . | . . . . . . . Slashing . | . . . . . . . Piercing . | . . . . . . . Highest Corruption 2 | . . . . 2 2 2 Average Corruption 2 | . . . . 2 2 2 Corruption Purged . | . . . . . . . Corruption Blocked . | . . . . . . . Effects 16 | . . . . 10 5 1 Matter Fused 7 | . . . . 4 3 . Heat Flow Errors 3 | . . . . 2 1 . Energy Discharges 1 | . . . . . 1 . Data Loss (minor) 2 | . . . . 2 . . Data Loss (major) 1 | . . . . 1 . . Misfires 2 | . . . . 1 . 1 Overload Shots . | . . . . . . . Overflow Damage 60 | . . 11 2 47 . . Projectiles . | . . . . . . . Explosions 60 | . . 11 2 47 . . Melee . | . . . . . . . Knockbacks . | . . . . . . . Impact . | . . . . . . . Kinetic . | . . . . . . . Secondary . | . . . . . . . Self-Inflicted Damage 230 | . . 49 45 136 . . Shots 8 | . . 2 2 4 . . Rammed 9 | . 2 2 1 4 . . Targets Rammed 11 | . 3 3 1 4 . . Kicked . | . . . . . . . Crushed 2 | . 1 1 . . . . Highest Temperature 253 | 20 253 8 22 183 204 63 Average Temperature 95 | 20 129 8 6 79 116 35 Received Heat Transfer 464 | . 159 42 171 92 . . Siege Activations . | . . . . . . . Robots Corrupted . | . . . . . . . Combat Hostiles . | . . . . . . . Parts Fried 1 | . 1 . . . . . Impact Corruptions . | . . . . . . . Robots Melted . | . . . . . . . Combat Hostiles . | . . . . . . . Parts Melted 8 | . . . 5 3 . . Heat Transferred 2566 | 100 145 . 1184 1110 . 27 Parts Sabotaged . | . . . . . . . Parts Stolen . | . . . . . . . Parts Stripped . | . . . . . . . Power Chain Reactions . | . . . . . . . Missiles Intercepted . | . . . . . . . Alert | -11 -10 -10 -9 -9 -9 -8 ------- Run | Scr Mat Min Mat Min Exi Min Peak Influence 644 | 20 271 269 644 525 . . Initial 218 | . 13 33 46 218 . . Average 281 | 10 133 136 371 411 . . Maximum Alert Level 2 | . 1 1 2 2 . . Low Security (%) 33 | 100 59 70 15 . . 100 Level 1 37 | . 40 29 39 45 . . Level 2 29 | . . . 45 54 . . Level 3 . | . . . . . . . Level 4 . | . . . . . . . Level 5 . | . . . . . . . High Security . | . . . . . . . Max Security . | . . . . . . . Squads Dispatched 7 | . 3 . 4 . . . Investigation 3 | . 1 . 2 . . . Extermination . | . . . . . . . Reinforcement 4 | . 2 . 2 . . . Assault . | . . . . . . . Garrison . | . . . . . . . Intercept . | . . . . . . . Searches Triggered . | . . . . . . . Construction Impeded 1 | . . . 1 . . . Haulers Reinforced . | . . . . . . . Active Scanning Responses . | . . . . . . . Cargo Convoy Interrupts . | . . . . . . . Stealth | -11 -10 -10 -9 -9 -9 -8 --------- Run | Scr Mat Min Mat Min Exi Min Distress Signals 5 | . . 1 4 . . . Communications Jammed . | . . . . . . . Distress Signals . | . . . . . . . Times Spotted 81 | . 16 9 22 33 . 1 Peak Tracking Total 15 | . 4 3 3 15 9 1 Tactical Retreats 4 | . 1 . 1 2 . . Traps | -11 -10 -10 -9 -9 -9 -8 ------- Run | Scr Mat Min Mat Min Exi Min Traps Triggered 5 | . 2 . 3 . . . Indirectly . | . . . . . . . Trap Hack Attempts . | . . . . . . . Triggered . | . . . . . . . Disarmed . | . . . . . . . Reprogrammed . | . . . . . . . Reused . | . . . . . . . Traps Extracted . | . . . . . . . Installed . | . . . . . . . Triggered . | . . . . . . . Machines | -11 -10 -10 -9 -9 -9 -8 ---------- Run | Scr Mat Min Mat Min Exi Min Machines Disabled 7 | . . . 3 3 1 . Max in Single Turn 2 | . . . 1 2 1 . Machines Sabotaged . | . . . . . . . Garrisons Compromised . | . . . . . . . Overloaded Fab Kills . | . . . . . . . Hacking | -11 -10 -10 -9 -9 -9 -8 --------- Run | Scr Mat Min Mat Min Exi Min Machines Accessed 14 | . 2 1 8 1 2 . Terminals 7 | . 1 1 5 . . . Fabricators . | . . . . . . . Repair Stations 1 | . 1 . . . . . Recycling Units 1 | . . . 1 . . . Scanalyzers 2 | . . . 2 . . . Garrison Access . | . . . . . . . Total Hacks 35 | . 6 4 22 1 2 . Successful 19 | . 2 2 12 1 2 . Failed 15 | . 4 1 10 . . . Catastrophic 4 | . . 1 3 . . . Database Lockouts 1 | . . 1 . . . . Manual 25 | . 6 4 14 . 1 . Terminals 25 | . 5 4 16 . . . Fabricators . | . . . . . . . Repair Stations 1 | . 1 . . . . . Recycling Units 1 | . . . 1 . . . Scanalyzers 5 | . . . 5 . . . Garrison Access . | . . . . . . . Terminal Hacks 12 | . 1 2 6 1 2 . Record 1 | . . . . . 1 . Part Schematic 1 | . 1 . . . . . Robot Analysis 2 | . . 2 . . . . Prototype ID Bank 1 | . . . 1 . . . Open Door 1 | . . . . 1 . . Scanalyzer Index 1 | . . . 1 . . . Locate Traps 1 | . . . 1 . . . Hauler Manifests 1 | . . . 1 . . . Zone Layout 2 | . . . 2 . . . EX-Prototype ID Bank 1 | . . . . . 1 . Fabricator Hacks . | . . . . . . . Repair Station Hacks . | . . . . . . . Recycling Unit Hacks . | . . . . . . . Scanalyzer 2 | . . . 2 . . . Insert Component 2 | . . . 2 . . . Garrison Access Hacks . | . . . . . . . Unauthorized Hacks 5 | . 1 . 4 . . . Terminals 3 | . . . 3 . . . Botnet 2 | . . . 2 . . . Operators 1 | . . . 1 . . . Fabricators . | . . . . . . . Repair Stations 1 | . 1 . . . . . Mechanics 1 | . 1 . . . . . Recycling Units 1 | . . . 1 . . . Tunnel 1 | . . . 1 . . . Scanalyzers . | . . . . . . . Garrison Access . | . . . . . . . Data Cores Recovered . | . . . . . . . Used . | . . . . . . . Hacking Detections 10 | . 2 1 7 . . . Full Trace Events . | . . . . . . . Feedback Events . | . . . . . . . Feedback Blocked . | . . . . . . . Robot Schematics Acquired . | . . . . . . . Robots Built . | . . . . . . . Authchips . | . . . . . . . Time . | . . . . . . . Total Robot Build Rating . | . . . . . . . Part Schematics Acquired 1 | . 1 . . . . . Parts Built . | . . . . . . . Authchips . | . . . . . . . Time . | . . . . . . . Total Part Build Rating . | . . . . . . . Parts Repaired . | . . . . . . . Time . | . . . . . . . Parts Recycled . | . . . . . . . Recycled Matter . | . . . . . . . Retrieved Matter . | . . . . . . . Retrieved Components . | . . . . . . . Parts Scanalyzed 1 | . . . 1 . . . Part Schematics Acquired . | . . . . . . . Parts Damaged . | . . . . . . . Bothacking | -11 -10 -10 -9 -9 -9 -8 ------------ Run | Scr Mat Min Mat Min Exi Min Used RIF Installer . | . . . . . . . Robots Hacked . | . . . . . . . Non-combat . | . . . . . . . Combat . | . . . . . . . Robot Hacks Applied . | . . . . . . . Relay Couplers Released . | . . . . . . . Fabnet Peak Effective % . | . . . . . . . Robots Rewired . | . . . . . . . Allies Hacked . | . . . . . . . Hacks Repelled . | . . . . . . . Allies | -11 -10 -10 -9 -9 -9 -8 -------- Run | Scr Mat Min Mat Min Exi Min Total Allies 4 | . . 4 . . . . Largest Group 4 | . . 4 4 . . . Highest-Rated Group 71 | . . 71 71 . . . Highest-Rated Ally 31 | . . 31 31 . . . Total Orders . | . . . . . . . Ally Attacks 51 | . . 20 31 . . . Total Damage 619 | . . 191 428 . . . Kills 10 | . . 3 7 . . . Allies Corrupted . | . . . . . . . Allies Melted . | . . . . . . . Intel | -11 -10 -10 -9 -9 -9 -8 ------- Run | Scr Mat Min Mat Min Exi Min Robot Analysis Total 2 | . . 2 . . . . Derelict Logs Recovered 3 | . . 2 . 1 . . Drone Launches 4 | . . . . . . 4 Drone Recoveries . | . . . . . . . Exploration | -11 -10 -10 -9 -9 -9 -8 ------------- Run | Scr Mat Min Mat Min Exi Min Turns Passed 4752 | 72 568 1057 1720 884 413 38 Spaces Moved 2615 | 27 271 671 880 428 315 23 Core . | . . . . . . . Treads 1504 | . . 104 880 428 92 . Legs . | . . . . . . . Wheels 1111 | 27 271 567 . . 223 23 Hover . | . . . . . . . Flight . | . . . . . . . Fastest Speed 100 | 100 100 130 160 160 115 100 Average Speed 147 | 100 116 147 160 160 128 118 Slowest Speed 240 | 100 130 240 160 160 160 130 Overloaded Moves . | . . . . . . . Propulsion Burnouts . | . . . . . . . Robots Hopped . | . . . . . . . Cave-ins Triggered . | . . . . . . . Exploration Rate (%) 55 | 4 43 98 72 88 68 14 Regions Visited 6 Branch Regions 4 Pre-discovered Areas 3 | . . 1 1 . 1 . Known Exits Taken . | . . . . . . . Unknown Exits Taken 6 | 1 1 1 1 1 1 . Scrap Searched 2 | . . 1 . 1 . . Spaces Dug 40 | . . 17 23 . . . Terrain Destroyed 237 | . . 49 96 92 . . Melee 3 | . . . 3 . . . Projectile 3 | . . . . 3 . . AOE 231 | . . 49 93 89 . . Terrain Rammed . | . . . . . . . Walls Destroyed . | . . . . . . . Machines Disabled . | . . . . . . . Actions | -11 -10 -10 -9 -9 -9 -8 --------- Run | Scr Mat Min Mat Min Exi Min Total 3262 | 59 460 729 1096 567 321 30 Wait 311 | 16 122 19 81 73 . . Move 2609 | 26 270 670 879 427 314 23 Hop . | . . . . . . . Pick Up 47 | 3 14 8 13 8 1 . Fast Attach 17 | 2 3 . 10 2 . . Attach 18 | . 2 2 4 7 1 2 Detach 4 | . 1 . 2 . . 1 Swap 40 | 3 4 3 21 7 1 1 Drop 53 | 3 9 7 28 4 1 1 Fire 140 | 6 32 8 54 35 3 2 Melee 3 | . . . 3 . . . Ram . | . . . . . . . Kick . | . . . . . . . Crush 11 | . 3 3 1 4 . . Escape Stasis . | . . . . . . . Rewire 9 | . . 9 . . . . Trap . | . . . . . . . Miscellaneous . | . . . . . . . Route ------- -11/Scrapyard -10/Materials (discovered 2 exits: *Mat / *Min) -10/Mines (discovered 2 exits: *Mat x2) -9/Materials (discovered 4 exits: [*Mat x2] / *Min x2) -9/Mines (discovered 2 exits: [*Mat] / *Exi) -9/Exiles -8/Mines (discovered 1 exit: [*Mat]) History --------- Turn | Location | Event 15 | -11/Scrapyard | Discovered new exit (range 3) 73 | -11/Scrapyard | Entered Materials 266 | -10/Materials | Destroyed 8 combat bots 303 | -10/Materials | Build established: Mutant 313 | -10/Materials | Discovered new exit (range 16) 622 | -10/Materials | Discovered new exit (range 9) 641 | -10/Materials | Entered Mines 730 | -10/Mines | Discovered new exit (range 6) 834 | -10/Mines | Assisted by bots powering up and referring to "LRC-V3" 908 | -10/Mines | Joined a pair of Derelicts in attacking an 0b10 outpost 994 | -10/Mines | Learned Materials terminal intel 1004 | -10/Mines | Learned location of Mines (-8) 1050 | -10/Mines | A weapon hastily lodged in a ceiling crevice suddenly fell to the ground 1113 | -10/Mines | Received a Rocket Launcher from a helpful Derelict 1253 | -10/Mines | Discovered new exit (range 13) 1308 | -10/Mines | Central database locked down 1374 | -10/Mines | Escorted by a lone wolf Derelict 1598 | -10/Mines | Found a damaged Exp. Sensor Array with a note attached 1601 | -10/Mines | Found Prototype Device 1698 | -10/Mines | Entered Materials 1698 | -9/Materials | Accompanied by 4 allies 1698 | -9/Materials | Evolved 2 slots: Propulsion x1, Utility x1 1699 | -9/Materials | Loaded intel: 12 terminal locations 2065 | -9/Materials | Discovered new exit (range 15) 2106 | -9/Materials | Identified Exp. Sensor Array 2481 | -9/Materials | Discovered new exit (range 7) 2481 | -9/Materials | Discovered new exit (range 15) 2690 | -9/Materials | Discovered new exit (range 11) 2797 | -9/Materials | Build established: Scavenger-Mutant 3418 | -9/Materials | Entered Mines 3419 | -9/Mines | Assembled infested the area 3502 | -9/Mines | Destroyed 20 combat bots 3502 | -9/Mines | Lost 5 parts (3n1u1w) 3649 | -9/Mines | Found the Drone Emporium 3665 | -9/Mines | Found Prototype Device 3817 | -9/Mines | Lost 3 parts (1p1n1u) 3836 | -9/Mines | Learned location of 1 exit from Materials 4067 | -9/Mines | Discovered new exit (range 12) 4296 | -9/Mines | Deemed a non-threat by the Exiles lab entrance 4296 | -9/Mines | Discovered new exit (range 5) 4302 | -9/Mines | Entered Exiles 4344 | -9/Exiles | Met 8R-AWN 4370 | -9/Exiles | Met EX-HEX 4461 | -9/Exiles | Met EX-DEC 4479 | -9/Exiles | Learned location of Zion (-7) 4499 | -9/Exiles | Met EX-BIN 4515 | -9/Exiles | Aligned with FarCom system 4516 | -9/Exiles | Given EX-Vault access code 4549 | -9/Exiles | Opened EX-Vault 4577 | -9/Exiles | Warned to stay clear of 0b10 Research branches 4688 | -9/Exiles | Attacked by the Exiles 4706 | -9/Exiles | Discovered new exit (range 10) 4715 | -9/Exiles | Entered Mines 4735 | -8/Mines | 99-TNT came to Exiles' defense 4735 | -8/Mines | Identified Decoy Drone Bay 4737 | -8/Mines | Discovered new exit (range 13) 4750 | -8/Mines | Core integrity fell below 50% 4750 | -8/Mines | Core integrity fell below 20% 4753 | -8/Mines | Destroyed by 99-TNT with 99-TNT's Nukerbomber Last Messages --------------- 04739_ Lgt. Treads destroyed. 04739_ Decoy Drone destroyed. 04740_ The unstable cave ceiling collapses. 04745_ Decoy Drone released from Decoy Drone Bay. 04745_ The unstable cave ceiling collapses. 04745_ Decoy Drone Bay destroyed. 04745_ >> Lost connection to Decoy Drone. 04747_ System corrupted: FCS attempts to trigger Hvy. Particle Gun. 04747_ System corrupted: Hvy. Particle Gun misfires. 04747_ The unstable cave ceiling collapses. 04749_ Lgt. Treads destroyed. 04749_ Hvy. Particle Gun destroyed. 04750_ The unstable cave ceiling collapses. 04751_ U-05 Engineer lays Concrete. 04752_ The unstable cave ceiling collapses. 04752_ U-05 Engineer lays Concrete. 04753_ The unstable cave ceiling collapses. 04753_ U-05 Engineer lays Concrete. 04753_ Hvy. Particle Gun destroyed. 04753_ Com. Wheel destroyed. Map ----- +----------------------------------------------------+ | ????????????????????????????????????????????????? | | ????????????????????????????????????????????????? | | ????????????????????????????????????????????????? | | ????????????????????????????????????????????????? | | ????????????????????????????????????????????????? | | ????????????????????????????????????????????????? | | ????????????????????????????????????????????????? | | ????????????????????????????????????????????????? | | ????????????????????????????????????????????????? | | ????????????????????????????????????????????????? | | ????????????????????????????????????????????????? | | ????????????????????????????????????????????????? | | ????????????????????????????????????????????????? | | ????????????????????????????????????????????????? | | ????????????????????????????????????????????????? | | ????????????????????????????????????????????????? | | ????????????????????????????????????????????????? | | ????????????????????????????????????????????????? | | ????????????????????########????????????????????? | | ????????????????????# #????????????????????? | | ??????????????????### #????????????????????? | | ?????????????????## ####?????????????????? | | ???????????# ###?# # r #?????????????????? | | ???????????# # u ##????????????????? | | ???????????????# #????????????????? | | ???????????????# @ #??#?????????????? | | ???????????????# # ## ####??????????? | | ???????????????# tu #?????????? | | ?????????? ????# ######???????????? | | ????????? ### #????????????????? | | ???????? ###????????????????? | | ????????# #?????????????????? | | ????????? #### # ##?????????????????? | | ?????????# ????# ##?????????????????? | | ?????????????????# #?????????????????? | | ?????????????????# # n # ###?????????????????? | | ?????????????????# ##???????????????????? | | ????????????????## #????????????????????? | | ????????????????# #????????????????????? | | ????????????????# ##????????????????????? | | ????????????????# #?????????????????????? | | ????????????????# ##?????????????????????? | | ????????????????# ##??????????????????????? | | ???????????????### #???????????????????????? | | ???????????????# ######???????????????????? | | ???????????????# #???????????????????? | | ???????????????# #???????????????????? | | ???????????????# ### #???????????????????? | | ???????????????### #####??? ?????????????????? | | ?????????????????# ????????? ???????????????? | +----------------------------------------------------+ Best States ------------- Heat Dissipation 50 Energy Generation 12 Energy Capacity 265 Matter Stores 300 Matter Capacity 300 Sight Range 16 Terrain Scan Density 10 Armor Coverage 150 Evasion (%) 40 Targeting Accuracy 8 Recoil Reduction 3 Item Schematics ----------------- Huge Storage Unit | -10/Materials | Hacked Robot Schematics ------------------ None Fabricated ------------ Nothing Alien Tech Used ----------------- None Achievements -------------- None Challenges ------------ None Game ------ Seed CooledReflectiveClaw Manual? 0 Play Time 01:56:52 Cumulative 451.4 hours Start 2022.03.07 @ 19:08:47 End 2022.03.08 @ 18:45:42 Sessions 1 Manual Loads 0 Difficulty Rogue Special Mode None Game No. 254 Rogue 254 Adventurer 0 Explorer 0 Win Type - Total 21 Types 1/5/4/1/1/1/6/1/1 Lore% 87 Gallery% 88 Achievement% 74 Wizard Run 0 Options --------- ASCII 1 Keyboard 1 Movement Vi Keybinds 0 Fullscreen 2 Font 16/Terminus Map View 75x55 Tactical HUD 1 Map Filters NONE Filters NONE Steam 1 RUN: 465bd1cc-8040-46e9-a09a-e31524730b82